 Dungeon Crawl Stone Soup version 0.18-a0-1347-gb9e2fb4 (webtiles) character file.

60 WarriorsX the Grave Robber (level 4, -11/29 (30) HPs)
             Began as a Human Necromancer on Feb 17, 2016.
             Was a Follower of Sif Muna.
             Mangled by an ogre
             ... wielding a +0 giant spiked club
              (20 damage)
             ... on level 4 of the Dungeon.
             The game lasted 00:26:07 (1999 turns).

WarriorsX the Grave Robber (Human Necromancer)      Turns: 1999, Time: 00:26:07

HP:   -11/29 (30)   AC:  2    Str:  9    XL:     4   Next: 24%
MP:   5/8           EV: 12    Int: 16    God:    Sif Muna [*.....]
Gold: 71            SH:  0    Dex: 13    Spells: 2 memorised, 6 levels left

rFire  . . .     SeeInvis .     (no weapon)
rCold  . . .     Gourm    +     a - +0 robe
rNeg   . . .     Faith    .     (no shield)
rPois  .         Spirit   .     (no helmet)
rElec  .         Dismiss  .     (no cloak)
rCorr  .         Reflect  .     (no gloves)
SustAt .         Harm     .     (no boots)
MR     .....                    j - amulet of the gourmand
Stlth  ++........               (no ring)
                                (no ring)

@: non-regenerating, diseased, not resistant to hostile enchantments, unstealthy
A: no striking features
a: Channel Energy, Renounce Religion


You were on level 4 of the Dungeon.
You worshipped Sif Muna.
Sif Muna was aware of your devotion.
You were not hungry.

You visited 1 branch of the dungeon, and saw 4 of its levels.

You collected 71 gold pieces.

Inventory:

Missiles
 e - 25 stones (quivered)
Armour
 a - a +0 robe (worn)
 p - a +0 plate armour
Jewellery
 j - an amulet of the gourmand (around neck)
 o - an uncursed ring of teleportation
Scrolls
 h - a scroll of remove curse
 m - 2 scrolls of identify {unknown}
Potions
 f - a potion of curing {unknown}
 l - 2 potions of cancellation {unknown}
 n - a potion of degeneration {unknown}
Books
 b - a book of Necromancy

   Spells                             Type                      Level
   a - Pain                           Necromancy                   1
   b - Animate Skeleton               Necromancy                   1
   c - Vampiric Draining              Necromancy                   3
   d - Regeneration                   Charms/Necromancy            3
   e - Animate Dead                   Necromancy                   4
   f - Control Undead                 Necromancy                   4
Comestibles
 c - 2 bread rations
 d - a meat ration
 g - a beef jerky


   Skills:
 - Level 0.2 Fighting
 - Level 2.0 Dodging
 - Level 2.0 Stealth
 + Level 2.7 Spellcasting
 - Level 5.0 Necromancy


You had 6 spell levels left.
You knew the following spells:

 Your Spells              Type           Power        Failure   Level  Hunger
a - Pain                  Necr           ###.         2%          1    #......
b - Animate Skeleton      Necr           N/A          2%          1    #......


Dungeon Overview and Level Annotations

Branches:
Dungeon (4/15)
 Temple: D:4-7

Altars:
Sif Muna

Annotations:
D:3 namelastname112's ghost, amateur DrAr


Message History

Aiming: Pain
Press: ? - help, Shift-Dir - straight line, f - ogre
Aim: an ogre, wielding a giant spiked club (chance to defeat MR: 78%)
The ogre convulses in agony!
The ogre hits you with a giant spiked club!
Casting: Pain
Confirm with . or Enter, or press ? or * to list all spells.
Aiming: Pain
Press: ? - help, Shift-Dir - straight line, f/p - ogre
Aim: an ogre, wielding a giant spiked club (lightly wounded, chance to defeat MR: 78%)
The ogre convulses in agony!
Casting: Pain
Confirm with . or Enter, or press ? or * to list all spells.
Aiming: Pain
Press: ? - help, Shift-Dir - straight line, f/p - ogre
Aim: an ogre, wielding a giant spiked club (lightly wounded, chance to defeat MR: 78%)
The ogre convulses in agony!
The ogre hits you with a giant spiked club!!
Ouch! That really hurt!
You die...

## #. #. #. .
..####. ...
.......#####....
.......@........
........O.......
................
.$..............
..............#.
..###.........#
. #.........#
........###
##...###..


You could see an ogre.

Vanquished Creatures
  An adder (D:2)
  2 worms
  A giant gecko (D:2)
  3 giant cockroaches
  4 goblins
  7 hobgoblins
  2 jackals (D:1)
  3 kobolds
  A quokka (D:1)
  7 bats
  2 giant newts
  7 rats
40 creatures vanquished.

Vanquished Creatures (collateral kills)
  A rat (D:1)
1 creature vanquished.

Grand Total: 41 creatures vanquished

Notes
Turn   | Place    | Note
--------------------------------------------------------------
     0 | D:1      | WarriorsX the Human Necromancer began the quest for the Orb.
     0 | D:1      | Reached XP level 1. HP: 13/13 MP: 3/3
     2 | D:1      | Learned a level 1 spell: Animate Skeleton
   232 | D:1      | Reached XP level 2. HP: 17/19 MP: 3/5
   854 | D:1      | Reached XP level 3. HP: 11/24 MP: 0/6
  1471 | D:2      | Found a faded altar to an unknown god.
  1532 | D:2      | Reached XP level 4. HP: 21/30 MP: 2/8
  1772 | D:2      | Reached skill level 5 in Necromancy
  1793 | D:2      | Became a worshipper of Sif Muna the Loreminder
  1793 | D:2      | Reached * piety under Sif Muna
  1869 | D:3      | Noticed namelastname112's ghost (amateur DrAr)
  1982 | D:3      | Noticed a necrophage
  1995 | D:4      | Noticed an ogre
  1999 | D:4      | Mangled by an ogre

Vault maps used:
D:1:      dpeg_arrival_lava_temple_mockup
D:2:      ecumenical_altar_1
D:3:      serial_corexii_hall, corexii_hall_statues_l, corexii_hall_statues_t,
          minmay_misc_feat_square, kennysheep_generic_room_11, uniq_robin
D:4:      nemelex_xobeh_ov_fountains_minmay, first_bread, gup_sewer_entry_bowl,
          grunt_ministairs_7

Action                   |  1- 3 |  4- 6 || total
-------------------------+-------+-------++-------
Melee: Unarmed           |     9 |       ||     9
 Cast: Pain              |    71 |    17 ||    88
       Animate Skeleton  |     4 |     2 ||     6
  Use: Scroll            |       |     4 ||     4
  Eat: Chunk             |     5 |     1 ||     6
